 Dungeon Crawl Stone Soup version 0.28.0-45-g0d030f2227 (webtiles) character file.

Game seed: 5578811884304892175

3158 Peloso the Carver (level 9, -10/79 HPs)
             Began as a Minotaur Fighter on Apr 4, 2022.
             Was an Elder of Okawaru.
             Mangled by an orc warrior
             ... wielding a +0 battleaxe
              (13 damage)
             ... on level 7 of the Dungeon.
             The game lasted 00:13:54 (7693 turns).

Peloso the Carver (Minotaur Fighter)                Turns: 7693, Time: 00:13:57

Health: -10/79     AC: 14    Str: 24    XL:     9   Next: 62%
Magic:  9/9        EV:  9    Int:  5    God:    Okawaru [****..]
Gold:   412        SH:  5    Dex: 11    Spells: 8/8 levels left

rFire   . . .      SeeInvis .   a - +3 falchion
rCold   + . .      Faith    .   c - +0 buckler
rNeg    . . .      Spirit   .   j - +0 chain mail
rPois   .          Reflect  .   (helmet restricted)
rElec   .          Harm     .   s - +0 cloak
rCorr   .          Rampage  .   (no gloves)
Will    +....                   g - +0 pair of boots
Stlth   ..........              (no amulet)
HPRegen 0.23/turn               q - ring of willpower
MPRegen 0.11/turn               p - ring of protection from cold

@: mighty, slowed, very slow
A: horns 2, retaliatory headbutt
a: Renounce Religion, Heroism, Finesse


You were on level 7 of the Dungeon.
You worshipped Okawaru.
Okawaru was greatly pleased with you.
You visited 1 branch of the dungeon, and saw 8 of its levels.
You also visited: Ossuary.

You collected 434 gold pieces.
You spent 22 gold pieces at shops.

Inventory:

Hand Weapons
 a - a +3 falchion (weapon)
 b - a +0 hand axe of flaming
 x - the +6 rapier of Eguex {holy, Will+ Dex+2}
   (You found it on level 6 of the Dungeon)

   It has been blessed by the Shining One to cause great damage to the undead
   and demons.
   Dex:       It affects your dexterity (+2).
   Will:      It increases your willpower.
Armour
 c - a +0 buckler (worn)
 g - a +0 pair of boots (worn)
 j - a +0 chain mail (worn)
 s - a +0 cloak (worn)
Jewellery
 f - a ring of positive energy
 m - a ring of flight
 p - a ring of protection from cold (right hand)
 q - a ring of willpower (left hand)
 y - an amulet of guardian spirit
Wands
 n - a wand of flame (37)
 B - a wand of polymorph (8)
Scrolls
 e - a scroll of noise
 h - 3 scrolls of teleportation {unknown}
 i - a scroll of blinking {unknown}
 k - a scroll of fog {unknown}
 t - a scroll of brand weapon {unknown}
 u - a scroll of enchant weapon {unknown}
 A - a scroll of magic mapping {unknown}
 C - a scroll of fear {unknown}
Potions
 d - 4 potions of might
 l - 4 potions of curing
 o - 3 potions of brilliance
 r - a potion of ambrosia
 v - a potion of attraction {unknown}
 w - 2 potions of flight {unknown}
 z - 2 potions of degeneration {unknown}


   Skills:
 + Level 7.1 Fighting
 + Level 10.2 Long Blades
 + Level 9.1 Armour
 + Level 3.9 Dodging
 + Level 0.4 Stealth
 + Level 6.8 Shields
 + Level 1.4 Invocations


You had 8 spell levels left.
You didn't know any spells.
Your spell library contained the following spells:

 Spells                   Type           Power      Damage    Failure   Level
 Sandblast                Erth           0%         2d4       98%         1
 Passwall                 Tmut/Erth      0%         N/A       99%         2
 Stone Arrow              Conj/Erth      0%         3d7       100%        3


Dungeon Overview and Level Annotations

Branches:
Dungeon (8/15)             Temple (0/1) D:6         Ossuary (visited)
   Lair: D:8-11

Altars:
Fedhas
Kikubaaqudgha
Okawaru
Xom

Shops:
D:2 ?[[   D:3 ![?   D:6 *   D:7 (

Annotations:
D:2 Sigmund
D:4 1 runed translucent door, glosham's ghost, amateur DjCA


Innate Abilities, Weirdness & Mutations

You have a pair of horns on your head.
You reflexively headbutt those who attack you in melee.


Message History

You hit the hornet but do no damage.
The hornet is moderately wounded.
You feel very sick.
The hornet stings you but does no damage.
The orc warrior hits you with a +0 battleaxe!!
The hornet stings you.
You suddenly lose the ability to move!
You hear a shout!
You feel sick.
The orc warrior hits you with a +0 battleaxe.
The hornet stings you.
You feel as though you will be slow longer.
You can move again.
You feel sick. You block the hornet's attack.
The orc warrior hits you but does no damage.
The hornet barely misses you. You furiously retaliate!
You headbutt the hornet, but do no damage.
The orc warrior hits you with a +0 battleaxe!
* * * LOW HITPOINT WARNING * * *
The hornet barely misses you.
You climb upwards.
You feel yourself speed up.
You feel sick.
There is a stone staircase leading down here.
Unknown command.
What are your orders? t - Shout!
Orders for allies: a - Attack new target. r - Retreat! s - Stop attacking. g - Guard the area. f - Follow me.
Anything else - Cancel.
Okay, then.
Okay, then.
You feel very mighty all of a sudden.
You feel sick.
You are no longer poisoned.
The hornet stings you!
* * * LOW HITPOINT WARNING * * *
You feel yourself slow down.
The orc warrior hits you with a +0 battleaxe!
You die...

#.######'#.# #.# #.#
...........# #.# #.#
...........######.# #.#
..................# #.#
...........######## #.#
#.##.......# #.# #.######.###
#.# #.######.#+####### ##.###
..........(....o@# #≈≈≈≈≈
########....####y# ##≈###≈ ##
#....# #.######## #..'∩#≈ .#
#.#.#####........# #.≈###≈ .#
#.#.....#........# #.≈≈≈≈≈ .#
#.#.....#........# #.#.### .#
#.#.....#......### #...#
.#######.#.....'......# ###.#
.'.....#.#.....##.....#######.#


You could see a hornet and an orc warrior.

Vanquished Creatures
  Pikel (D:4)
  Eustachio (D:5)
  Edmund (D:5)
  Duvessa (D:5)
  2 black bears (D:4)
  A necrophage (D:5)
  2 ogres
  A lemure (D:4)
  3 centaurs
  A phantom (D:6)
  An elf zombie (Ossuary)
  4 bullfrogs (D:7)
  A scorpion (D:5)
  2 water moccasin skeletons (D:5)
  Dowan (D:5)
  4 wights (D:6)
  2 howler monkeys
  3 centaur zombies (Ossuary)
  2 human zombies (Ossuary)
  A jelly (D:7)
  Crazy Yiuf (D:5)
  A bullfrog skeleton (D:7)
  4 hounds
  A centaur skeleton (D:5)
  5 iguanas
  A killer bee zombie (D:7)
  3 mummies (Ossuary)
  2 hound zombies
  2 hound skeletons
  4 gnolls (D:5)
  4 adders
  A shadow imp (D:7)
  A white imp (D:5)
  2 ufetubi
  8 adder zombies (Ossuary)
  2 worms
  6 orcs
  3 bats
  6 endoplasms
  A giant cockroach (D:4)
  7 goblins
  8 hobgoblins
  13 jackals
  2 quokkas (D:1)
  7 ball pythons
  5 goblin zombies (Ossuary)
  A hobgoblin zombie (Ossuary)
  5 jackal zombies (Ossuary)
  3 kobolds
  A kobold zombie (Ossuary)
  3 orc zombies (Ossuary)
  2 quokka zombies (Ossuary)
  8 rats
  A rat zombie (Ossuary)
159 creatures vanquished.

Notes
Turn   | Place    | Note
-------+----------+-------------------------------------------
     0 | D:1      | Peloso the Minotaur Fighter began the quest for the Orb.
     0 | D:1      | Reached XP level 1. HP: 19/19 MP: 0/0
   163 | D:1      | Reached XP level 2. HP: 24/27 MP: 1/1
   816 | D:1      | Found a faded altar of an unknown god.
   907 | D:2      | Reached XP level 3. HP: 33/33 MP: 2/2
   997 | D:2      | Identified the +2 leather armour of Heoq {Int+8}
  1010 | D:2      | Found Xarchuv's Antique Armour Shop.
  1032 | D:2      | Found Adasu's Magic Scroll Emporium.
  1040 | D:2      | Bought a scroll of identify for 22 gold pieces
  1064 | D:2      | Found Titeg's Armour Shoppe.
  1275 | D:2      | Noticed Sigmund
  1493 | D:3      | Reached skill level 3 in Long Blades
  1529 | D:3      | Found Ingu's Magic Scroll Emporium.
  1859 | D:3      | Reached XP level 4. HP: 40/40 MP: 3/3
  2022 | D:3      | Found Paecweso's Distillery.
  2128 | D:3      | Found Awak's Armour Emporium.
  2339 | D:4      | Noticed glosham's ghost (amateur DjCA)
  2341 | D:4      | Found a runed translucent door.
  2585 | D:4      | Found an iron altar of Okawaru.
  2635 | D:4      | Reached skill level 1 in Dodging
  2652 | D:4      | Became a worshipper of Warmaster Okawaru
  2737 | D:4      | Noticed a black bear
  2739 | D:4      | Reached skill level 4 in Long Blades
  2739 | D:4      | Reached XP level 5. HP: 41/46 MP: 4/4
  2752 | D:4      | Killed a black bear
  2753 | D:4      | Reached skill level 5 in Armour
  2762 | D:4      | Reached XP level 6. HP: 26/53 MP: 5/5
  3298 | D:5      | Entered Level 5 of the Dungeon
  3331 | D:5      | Noticed Dowan
  3331 | D:5      | Noticed Duvessa
  3345 | D:4      | Reached * piety under Okawaru
  3346 | D:4      | Reached skill level 5 in Long Blades
  3613 | D:5      | Noticed Edmund
  3668 | D:4      | Reached XP level 7. HP: 44/60 MP: 6/6
  3768 | D:5      | Killed Dowan
  3900 | D:5      | Killed Duvessa
  3901 | D:5      | Reached skill level 5 in Fighting
  4026 | D:5      | Killed Edmund
  4027 | D:5      | Reached skill level 6 in Long Blades
  4027 | D:5      | Reached skill level 5 in Shields
  4067 | D:5      | Noticed Pikel
  4096 | D:4      | Killed Pikel
  4096 | D:4      | Reached ** piety under Okawaru
  4097 | D:4      | Reached skill level 7 in Long Blades
  4097 | D:4      | Reached XP level 8. HP: 33/70 MP: 5/7
  4427 | D:5      | Reached skill level 1 in Invocations
  4710 | D:5      | Noticed Eustachio
  4727 | D:5      | Killed Eustachio
  4880 | D:5      | Reached *** piety under Okawaru
  5003 | D:5      | Found a runed translucent door.
  5004 | D:5      | Noticed Crazy Yiuf
  5144 | D:5      | Killed Crazy Yiuf
  5239 | D:6      | Reached skill level 8 in Long Blades
  5269 | D:6      | Found a sand-covered staircase.
  5298 | Ossuary  | Entered an ossuary
  5468 | Ossuary  | Reached XP level 9. HP: 77/77 MP: 7/9
  5780 | D:6      | Found a blossoming altar of Fedhas.
  5786 | D:6      | Reached skill level 9 in Long Blades
  5894 | D:6      | Found a staircase to the Ecumenical Temple.
  6339 | D:6      | Found Kikaorgh's Assorted Antiques.
  6446 | D:6      | Identified the +6 rapier of Eguex {holy, Will+ Dex+2}
  6639 | D:6      | Found a shimmering altar of Xom.
  6639 | D:6      | Found an ancient bone altar of Kikubaaqudgha.
  6842 | D:7      | Found Kaimm's Antique Weapon Emporium.
  6953 | D:7      | Reached **** piety under Okawaru
  6954 | D:7      | Reached skill level 10 in Long Blades
  7689 | D:8      | Paralysed by a hornet for 2 turns
  7693 | D:7      | HP: 3/79 [hornet (10)]
  7693 | D:7      | Mangled by an orc warrior

Illustrated notes

Levels and vault maps discovered:
D:1:      minmay_arrival_plants_in_alcoves, layout_loops_ring,
          nicolae_ecumenical_lake_church, chequers_mini_garden
D:2:      layout_basic, serial_shops, shop, shop_fountains, shop,
          minmay_cut_off, uniq_sigmund, uniq_robin
D:3:      layout_basic, serial_shops, shop, shop, shop, kennysheep_another_room
D:4:      layout_loops_ring, lemuel_doored_altar,
          hellmonk_ghost_happy_afterlife, chequers_serial_rivers_small_3,
          minmay_surrounded
D:5:      layout_rooms, uniq_duvessa, uniq_eustachio, uniq_crazy_yiuf_cottage,
          uniq_pikel, uniq_edmund
D:6:      layout_loops_cross, fedhas_bush_and_centaur_altar,
          gammafunk_temple_overflow_statue, minmay_temple_entry_offerings,
          serial_shops, nicolae_shop_overgrown_old_shop,
          nicolae_ossuary_entry_false_entrances, serial_bayou_pond_e
D:7:      layout_basic, serial_shops, kennysheep_mini_moat
D:8:      layout_basic

Skill      XL: |  1  2  3  4  5  6  7  8  9 |
---------------+----------------------------+-----
Shields        | 4 5 6 |  6.8
Fighting       | 4 5 6 7 |  7.1
Armour         | 4 5 7 8 9 |  9.1
Long Blades    | 3 4 5 7 8 10 | 10.2
Dodging        | 1 3 |  3.9
Invocations    | 1 |  1.4
Stealth        | |  0.4

Action                   |  1- 3 |  4- 6 |  7- 9 || total
-------------------------+-------+-------+-------++-------
Melee: Long sword        |   109 |    69 |   261 ||   439
       Headbutt          |    10 |    12 |    79 ||   101
       Falchion          |       |       |    60 ||    60
Invok: Heroism           |       |       |     6 ||     6
  Use: Scroll            |       |     2 |     2 ||     4
       Potion            |       |       |     1 ||     1
Armor: Scale mail        |    35 |       |       ||    35
       Chain mail        |    22 |    54 |   182 ||   258
Dodge: Dodged            |    58 |    30 |   162 ||   250
Block: Buckler           |    23 |    25 |    86 ||   134
